 Dungeon Sprint DCSS version 0.31.0 (webtiles) character file.

Game seed: 17750035787565453729

531112 Groucho the End of an Era (level 21, 163/163 HPs)
             Began as a Gargoyle Fighter on Jan 19, 2024.
             Was the Champion of Qazlal.
             Escaped with the Orb!
             The game lasted 00:53:52 (12751 turns).

Groucho the End of an Era (Gargoyle Fighter)       Turns: 12751, Time: 00:53:53

Health: 163/163    AC: 61    Str: 33    XL:     21   Next: 13%
Magic:  38/38      EV: 14    Int: 11    God:    Qazlal [******]
Gold:   0          SH: 49    Dex: 14    Spells: 20/20 levels left

rFire   + + +        t - +6 shillelagh "Devastator" {shatter}
rCold   + + +        m - +18 shield of the Gong {Loud rN+ Will+ rCorr EV-5}
rNeg    + + .        K - +12 gold dragon scales
rPois   ∞            Q - +1 helmet {SInv}
rElec   +            S - scarf of Hel Tiqy {rC+ rF+, Rampage}
rCorr   +            J - +2 pair of gloves {Stlth+}
SInv    +            D - +3 pair of seven-league boots {Rampage+∞}
Will    +++..        R - amulet of reflection Stlth
                     C - ring of Cauxe {rC++ Will+ Str+6 Dex+3}
HPRegen 0.47/turn    X - ring of Moodiness {rF+ rC+}
MPRegen 0.26/turn

%: no teleportation, random rage (3%), repel missiles, reflection, rampage+∞
@: flying, studying 2 skills
A: sickness immunity, AC +16, big wings, negative energy resistance 1,
electricity resistance, torment resistance 1, petrification resistance, berserk
1, deformed body, no potion heal 1, cold vulnerability 1
0: Orb of Zot
a: Renounce Religion, Upheaval, Elemental Force, Disaster Area


You escaped.
You worshipped Qazlal.
Qazlal was exalted by your worship.
You visited 1 branch

Inventory:

Hand Weapons
 a - the +6 Majin-Bo {spellvamp, MP+6 Int+6}
   (You found it in the Dungeon)

   Int+6:     It affects your intelligence (+6).
   MP+6:      It affects your magic capacity (+6).
 b - the +10 dark maul {heavy}
   (You found it in the Dungeon)
 c - the +27 heavy crossbow "Sniper" {heavy, Acc+∞ SInv}
   (You found it in the Dungeon)

   Acc+∞: It never misses its target.
   SInv:      It lets you see invisible.
 k - the +16 obsidian axe {drain, demonic, Mesm ^Drain Fly SInv}
   (You found it in the Dungeon)

   Mesm:      Its wielder is mesmerised by any visible foes, and it cannot be
   unequipped while any foes are visible.
   SInv:      It lets you see invisible.
   Fly:       It grants you flight.
   ^Drain:    It drains your maximum health when unequipped.
 n - the +11 Singing Sword {sonic wave}
   (You found it in the Dungeon)
 o - the +7 great mace "Firestarter" {flame, immolate, rFlCloud rF++}
   (You found it in the Dungeon)

   rFlCloud:  It grants immunity to clouds of flame.
   rF++:      It greatly protects you from fire.
 p - the +8 lance "Wyrmbane" {slay drac, rPois rF+ rC+ AC+3}
   (You found it in the Dungeon)

   AC+3:      It affects your AC (+3).
   rF+:       It protects you from fire.
   rC+:       It protects you from cold.
   rPois:     It protects you from poison
 q - the +7 mace of Variability {chaos, chaos arc}
   (You found it in the Dungeon)
 r - the +11 plutonium sword {^Contam Stlth-}
   (You found it in the Dungeon)

   ^Contam:   It causes magical contamination when unequipped.
   Stlth-:    It makes you less stealthy.
 s - the +13 scythe of Curses {drain, curses, ^Drain}
   (You found it in the Dungeon)

   ^Drain:    It drains your maximum health when unequipped.
 t - the +6 shillelagh "Devastator" (weapon) {shatter}
   (You found it in the Dungeon)
 u - the +8 storm bow {elec, penet}
   (You found it in the Dungeon)
 v - the +9 sword of Power {lifebolt}
   (You found it in the Dungeon)
 w - the +9 sword of Zonguldrok {reap}
   (You found it in the Dungeon)
 A - the +7 Throatcutter {drain, coup de grace}
   (You found it in the Dungeon)
 L - a +9 heavy hand cannon
 M - the +3 Elemental Staff {ele, rElec rF+ rC+ AC+3}
   (You found it in the Dungeon)

   AC+3:      It affects your AC (+3).
   rF+:       It protects you from fire.
   rC+:       It protects you from cold.
   rElec:     It insulates you from electricity.
 O - the +5 demon whip "Spellbinder" {antimagic, disrupt, Will+}
   (You found it in the Dungeon)

   Will+:     It increases your willpower.
 V - the +5 scythe "Finisher" {speed, execute}
   (You found it in the Dungeon)
 Z - the +7 staff of the Meek {protect, meekguard}
   (You found it in the Dungeon)
Armour
 i - the +3 Mad Mage's Maulers {Infuse+∞ VampMP -Cast}
   (You found it in the Dungeon)

   Infuse+∞: It empowers its wearer's blows with all of their magic.
   VampMP:    Blows struck in melee replenish the wearer's magic.
   -Cast:     It prevents spellcasting.
 l - the +15 Maxwell's patent armour {-Cast -Tele rElec Will+ rCorr}
   (You found it in the Dungeon)

   rElec:     It insulates you from electricity.
   Will+:     It increases your willpower.
   -Cast:     It prevents spellcasting.
   -Tele:     It prevents most forms of teleportation.
   rCorr:     It protects you from acid and corrosion.
 m - the +18 shield of the Gong (worn) {Loud rN+ Will+ rCorr EV-5}
   (You found it in the Dungeon)

   Loud:      It is deafeningly noisy when blocking attacks.
   EV-5:      It affects your evasion (-5).
   rN+:       It protects you from negative energy.
   Will+:     It increases your willpower.
   rCorr:     It protects you from acid and corrosion.
 D - the +3 pair of seven-league boots (worn) {Rampage+∞}
   (You found it in the Dungeon)

   Rampage+∞: When moving toward enemies, its wearer moves as far as possible,
   alerting their target en route.
 H - the +18 Lear's hauberk
   (You found it in the Dungeon)
 J - a +2 pair of gloves of stealth (worn)
 K - +12 gold dragon scales (worn)
 N - the +5 robe of Night {Dark Will+ SInv}
   (You found it in the Dungeon)

   Dark:      It shrouds the wearer in darkness, reducing the range at which
   they can see and be seen by others.
   Will+:     It increases your willpower.
   SInv:      It lets you see invisible.
 Q - a +1 helmet of see invisible (worn)
 S - the scarf of Hel Tiqy (worn) {rC+ rF+, Rampage}
   (You acquired it in the Dungeon)

   Rampage:   It bestows one free step when moving towards enemies.
 W - the +2 shield of Resistance {rF++ rC++ Will++}
   (You found it in the Dungeon)

   rF++:      It greatly protects you from fire.
   rC++:      It greatly protects you from cold.
   Will++:    It greatly increases your willpower.
Jewellery
 z - the necklace of Bloodlust {Fury *Rage Will++ Int-3 Slay+6}
   (You found it in the Dungeon)

   [amulet of nothing]

   Fury:      It extends the wearer's berserk rage when killing foes.
   Int-3:     It affects your intelligence (-3).
   Slay+6:    It affects your accuracy & damage with ranged weapons and melee
   (+6).
   Will++:    It greatly increases your willpower.
   *Rage:     It berserks you when you make melee attacks (+50% chance).
 B - the brooch of Shielding {Spirit SH+8}
   (You found it in the Dungeon)

   [amulet of guardian spirit]

   Spirit:    It causes incoming damage to be divided between your reserves of
   health and magic.
   SH+8:      It affects your SH (+8).
 C - the ring of Cauxe (left hand) {rC++ Will+ Str+6 Dex+3}
   (You found it in the Dungeon)

   [ring of strength]

   Str+6:     It affects your strength (+6).
   Dex+3:     It affects your dexterity (+3).
   rC++:      It greatly protects you from cold.
   Will+:     It increases your willpower.
 G - the amulet of Vitality {RegenMP++ Regen++}
   (You found it in the Dungeon)

   [amulet of magic regeneration]

   RegenMP:   It increases your rate of magic regeneration.
   Regen++:   It increases your rate of health regeneration.
 I - the amulet of the Air {Inacc Air Fly rElec RMsl}
   (You found it in the Dungeon)

   [amulet of nothing]

   Inacc:     It reduces the accuracy of your attacks and spells.
   Air:       It enhances your air magic.
   rElec:     It insulates you from electricity.
   Fly:       It grants you flight.
   RMsl:      It protects you from missiles.
 R - an amulet of reflection (around neck)
 U - the ring of the Hare {EV+10}
   (You found it in the Dungeon)

   [ring of evasion]

   EV+10:     It affects your evasion (+10).
 X - the ring of Moodiness (right hand) {rF+ rC+}
   (You found it in the Dungeon)

   [ring of protection from cold]

   rF+:       It protects you from fire.
   rC+:       It protects you from cold.
Scrolls
 j - 3 scrolls of blinking
Potions
 d - 7 potions of might
 e - 9 potions of curing
 f - 10 potions of heal wounds
 g - 18 potions of haste
 h - 7 potions of magic
 E - 4 potions of resistance
 F - a potion of experience
Miscellaneous
 x - a lightning rod (4/4)
 y - a phial of floods
 P - a condenser vane
 T - a sack of spiders
 Y - a phantom mirror


   Skills:
 O Level 27 Fighting
 - Level 22.0 Long Blades
 - Level 9.2(18.2) Axes
 - Level 18.0(18.9) Maces & Flails
 - Level 19.0(19.7) Polearms
 - Level 18.0 Ranged Weapons
 + Level 12.1 Throwing
 O Level 27 Armour
 O Level 27 Dodging
 O Level 27 Shields
 O Level 27 Invocations
 O Level 27 Evocations


You had 20 spell levels left.
You didn't know any spells.
Your spell library contained the following spells:

 Spells                   Type           Power      Damage    Failure   Level
 Apportation              Tloc           0%         N/A       85%         1
 Foxfire                  Conj/Fire      0%         2x1d4     85%         1
 Freeze                   Ice            0%         1d3       85%         1
 Magic Dart               Conj           0%         1d3       85%         1
 Necrotise                Necr           0%         1d4       85%         1
 Sandblast                Erth           0%         2d4       85%         1
 Slow                     Hex            0%         N/A       85%         1
 Sting                    Conj/Alch      0%         1d3       85%         1
 Summon Small Mammal      Summ           0%         N/A       85%         1
 Blink                    Tloc           0%         N/A       94%         2
 Ensorcelled Hibernation  Hex/Ice        0%         N/A       94%         2
 Jinxbite                 Hex            0%         N/A       94%         2
 Lesser Beckoning         Tloc           0%         N/A       94%         2
 Mercury Vapours          Alch/Air       0%         N/A       94%         2
 Momentum Strike          Conj/Tloc      0%         3d8       94%         2
 Scorch                   Fire           0%         2d5       94%         2
 Searing Ray              Conj           0%         2d4       94%         2
 Dazzling Flash           Conj/Hex       0%         N/A       99%         3
 Frozen Ramparts          Ice            0%         1d1       99%         3
 Gell's Gravitas          Tloc           0%         N/A       99%         3
 Hailstorm                Conj/Ice       0%         3d5       99%         3
 Inner Flame              Hex/Fire       0%         N/A       99%         3
 Mephitic Cloud           Conj/Alch/Air  0%         N/A       99%         3
 Passwall                 Erth           0%         N/A       99%         3
 Stone Arrow              Conj/Erth      0%         3d7       99%         3
 Summon Ice Beast         Ice/Summ       0%         N/A       99%         3
 Swiftness                Air            0%         N/A       99%         3
 Teleport Other           Tloc           0%         N/A       99%         3
 Tukima's Dance           Hex            0%         N/A       99%         3
 Vampiric Draining        Necr           0%         2d6       99%         3
 Volatile Blastmotes      Fire/Tloc      0%         2d10      99%         3
 Airstrike                Air            0%         2d(0-16)  100%        4
 Anguish                  Hex/Necr       0%         N/A       100%        4
 Brom's Barrelling Bould  Conj/Erth      0%         2d3       100%        4
 Cause Fear               Hex            0%         N/A       100%        4
 Dimensional Bullseye     Hex/Tloc       0%         N/A       100%        4
 Flame Wave               Conj/Fire      0%         2d4       100%        4
 Fulminant Prism          Conj/Alch      0%         3d5       100%        4
 Ignite Poison            Fire/Alch      0%         N/A       100%        4
 Iskenderun's Mystic Bla  Conj/Tloc      0%         2d3       100%        4
 Leda's Liquefaction      Alch/Erth      0%         N/A       100%        4
 Manifold Assault         Tloc           0%         N/A       100%        4
 Olgreb's Toxic Radiance  Alch           0%         N/A       100%        4
 Passage of Golubria      Tloc           0%         N/A       100%        4
 Petrify                  Alch/Erth      0%         N/A       100%        4
 Sticky Flame             Fire/Alch      0%         2d4       100%        4
 Vhi's Electric Charge    Tloc/Air       0%         N/A       100%        4
 Alistair's Intoxication  Alch           0%         N/A       100%        5
 Arcjolt                  Conj/Air       0%         1d10      100%        5
 Borgnjor's Vile Clutch   Necr/Erth      0%         N/A       100%        5
 Fireball                 Conj/Fire      0%         3d3       100%        5
 Freezing Cloud           Conj/Ice/Air   0%         6-21      100%        5
 Irradiate                Conj/Alch      0%         3d11      100%        5
 Iskenderun's Battlesphe  Conj           0%         2d6       100%        5
 Lee's Rapid Deconstruct  Erth           0%         3d4*      100%        5
 Metabolic Englaciation   Hex/Ice        0%         N/A       100%        5
 Silence                  Hex/Air        0%         N/A       100%        5
 Summon Forest            Summ/Tloc      0%         N/A       100%        5
 Summon Mana Viper        Hex/Summ       0%         N/A       100%        5
 Yara's Violent Unravell  Hex/Alch       0%         3d3       100%        5
 Bombard                  Conj/Erth      0%         9d1       100%        6
 Conjure Ball Lightning   Conj/Air       0%         3x3d6     100%        6
 Dispersal                Tloc           0%         N/A       100%        6
 Eringya's Noxious Bog    Alch           0%         4d6       100%        6
 Plasma Beam              Fire/Air       0%         2x1d10    100%        6
 Sculpt Simulacrum        Ice/Alch       0%         N/A       100%        6
 Starburst                Conj/Fire      0%         6d3       100%        6
 Summon Cactus Giant      Summ           0%         N/A       100%        6
 Enfeeble                 Hex            0%         N/A       100%        7
 Malign Gateway           Summ/Tloc      0%         N/A       100%        7
 Monstrous Menagerie      Summ           0%         N/A       100%        7
 Orb of Destruction       Conj           0%         9d5       100%        7
 Ozocubu's Refrigeration  Ice            0%         4d7       100%        7
 Spellforged Servitor     Conj/Summ      0%         N/A       100%        7
 Summon Hydra             Summ           0%         N/A       100%        7
 Discord                  Hex            0%         N/A       100%        8
 Disjunction              Tloc           0%         N/A       100%        8
 Ignition                 Fire           0%         3d3       100%        8
 Lehudib's Crystal Spear  Conj/Erth      0%         10d2      100%        8
 Maxwell's Capacitive Co  Air            0%         ∞         100%        8
 Summon Horrible Things   Summ           0%         N/A       100%        8
 Dragon's Call            Summ           0%         N/A       100%        9
 Polar Vortex             Ice            0%         N/A       100%        9
 Cigotuvi's Dreadful Rot  Necr/Alch/Air  Unusable   N/A       N/A         2
 Sublimation of Blood     Necr           Unusable   N/A       N/A         2

Dungeon Overview and Level Annotations

Branches:
Dungeon (1/1)

Altars:
Ashenzari
Cheibriados
Dithmenos
Elyvilon
Fedhas
Gozag
Hepliaklqana
Kikubaaqudgha
Makhleb
Nemelex Xobeh
Okawaru
Qazlal
Ru
Sif Muna
Trog
Uskayaw
Vehumet
Wu Jian
Xom
Yredelemnul
Zin
The Shining One
Jiyva
Lugonu


Innate Abilities, Weirdness & Mutations

You are immune to sickness and miasma.
Your stone body is resilient. (AC +16)
You are immune to poison.
Your large and strong wings let you fly.
You resist negative energy. (rN+)
You are resistant to electric shocks. (rElec)
You are resistant to unholy torment.
You are immune to petrification.
You sometimes lose your temper in combat.
Armour fits poorly on your strangely shaped body.
Potions are less effective at restoring your health.
You are vulnerable to cold. (rC-)


Message History

GONNNNG!
Your Throwing skill increases to level 10!
You sock Didghaulu!
Didghaulu shudders.
Didghaulu is severely wounded.
Unknown command.
Unknown command.
You hit Didghaulu but do no damage.
Didghaulu is severely wounded.
You block Didghaulu's attack.
GONNNNG!
Unknown command.
Unknown command.
You bludgeon Didghaulu!!
Didghaulu shudders.
Didghaulu is almost dead. x2
Didghaulu gestures at you.
You block the iron shot... and reflect it back!
SHROANNG!
The iron shot hits Didghaulu!!!!
You kill Didghaulu!
Qazlal accepts your kill.
Your Throwing skill gained 2 levels and is now at level 12!
Items here: )))) [[.
Unknown command.
Unknown command.
Unknown command.
There is a staircase leading out of the dungeon here.
Items here: ))) [.
You start resting.
You start resting.
You start resting.
Magic restored.
You start resting.
You start resting.
You start resting.
You start resting.
You start resting.
You start resting.
You start resting.
HP restored.
You have escaped!

............▓..▓.......▓..▓...8©8
.....[......▓.▓▓▓.....▓▓▓.▓...=[|
........[...▓..▓.......▓..▓.[.)..
............▓..........≈≈≈▓.....)
............▓......©....≈≈▓.[[)).
............▓▓▓▓▓▓▓▓▓▓▓▓▓▓▓..)..(
▓.......▓...▓8888888888888▓...)[.
.▓.....▓.▓..▓8..[.)...[.)8▓......
▓.......▓...▓8).@○☼.).©..8▓.▓....
............▓8).)○.......8▓....©.
....©.......▓8888888888888▓▓▓▓▓▓▓
▓▓▓▓▓▓▓▓▓▓▓▓▓▓▓▓▓▓▓▓▓▓▓▓▓▓▓▓▓▓▓▓▓
.....8©8?.......▓...|....8©8.../.
|||||/[|.:?.%.).▓.=|..[.)|:=:[=..
).)././.)%.[["/.▓.).[).=.)..)=/?.
))/./..:.%|/.:[.▓.)|:|...)/!|:|:.
)......)[)......▓......./..[)....


There were no monsters in sight!

Vanquished Creatures
  A seraph (D)
  6 orbs of fire (D)
  An ancient lich (D)
  9 royal mummies (D)
  A shard shrike (D)
  3 caustic shrikes (D)
  A profane servitor (D)
  2 Tzitzimimeh (D)
  6 Brimstone Fiends (D)
  6 Hell Sentinels (D)
  5 iron giants (D)
  2 liches (D)
  10 hellephants (D)
  4 pandemonium lords (D)
  9 Orb Guardians (D)
  A titan (D)
  12 Ice Fiends (D)
  8 searing wretches (D)
  3 deep elf blademasters (D)
  2 acid blobs (D)
  2 ancient champions (D)
  An Executioner (D)
  A shadow dragon (D)
  2 draconian monks (D)
  4 rockslimes (D)
  A demonspawn warmonger (D)
  A daeva (D)
  13 fire giants (D)
  4 narguns (D)
  A draconian scorcher (D)
  A deep elf sorcerer (D)
  A draconian knight (D)
  21 balrugs (D)
  2 draconian stormcallers (D)
  A ghoul (D)
  8 quicksilver elementals (D)
  2 demonspawn blood saints (D)
  2 cacodemons (D)
  A stone giant (D)
  3 reapers (D)
  2 vampire knights (D)
  8 green draconians (D)
  2 purple draconians (D)
  5 war gargoyles (D)
  2 white draconians (D)
  2 black draconians (D)
  3 dire elephants (D)
  2 blizzard demons (D)
  7 wendigos (D)
  5 iron golems (D)
  5 yellow draconians (D)
  A green death (D)
  8 red draconians (D)
  5 mummy priests (D)
  6 fire dragons (D)
  7 vault guards (D)
  A spriggan air mage (D)
  A great orb of eyes (D)
  2 salamander tyrants (D)
  2 catoblepae (D)
  3 hydras (D)
  3 stokers (D)
  2 hell beasts (D)
  A boulder beetle (D)
  3 naga warriors (D)
  8 death scarabs (D)
  2 demonic crawlers (D)
  2 vampire magi (D)
  2 dancing weapons (D)
  2 spriggan berserkers (D)
  4 deep elf knights (D)
  20 hell hogs (D)
  7 sun demons (D)
  A skyshark (D)
  3 soul eaters (D)
  9 crystal echidnas (D)
  2 skeletal warriors (D)
  3 sixfirhies (D)
  A fire crab (D)
  2 cherubim (D)
  3 shadow demons (D)
  A deep elf archer (D)
  A glowing orange brain (D)
  A lindwurm (D)
  3 deep elf pyromancers (D)
  2 deep elf zephyrmancers (D)
  3 necromancers (D)
  2 elephants (D)
  2 orange demons (D)
  A naga mage (D)
  3 smoke demons (D)
  A rust devil (D)
  9 black mambas (D)
  2 guardian serpents (D)
  An eye of devastation (D)
  A large abomination (D)
  19 cane toads (D)
  2 rime drakes (D)
  2 yaktaurs (D)
  5 hellions (D)
  10 komodo dragons (D)
  2 efreet (D)
  4 tormentors (D)
  An ice devil (D)
  2 red devils (D)
  3 hellwings (D)
  10 guardian mummies (D)
  2 tarantellas (D)
  A hornet (D)
  2 wind drakes (D)
  3 polar bears (D)
  2 merfolk (D)
  2 dream sheep (D)
  11 blink frogs (D)
  2 slime creatures (D)
  3 spriggans (D)
  7 wyverns (D)
  4 shadows (D)
  3 ushabtiu (D)
  6 vampires (D)
  A ynoxinul (D)
  3 yaks (D)
  2 basilisks (D)
  3 golden eyes (D)
  4 fire elementals (D)
  2 neqoxecs (D)
  2 chaos spawn (D)
  2 hell hounds (D)
  22 water moccasins (D)
  2 black bears (D)
  An orc warrior (D)
  2 wolves (D)
  2 centaurs (D)
  A bullfrog (D)
  2 necrophages (D)
  2 scorpions (D)
  8 wights (D)
  2 crimson imps (D)
  A quasit (D)
  An orc priest (D)
  3 iron imps (D)
  3 jellies (D)
  An iguana (D)
  2 orc wizards (D)
  21 mummies (D)
  3 adders (D)
  A river rat (D)
  A white imp (D)
  2 ufetubi (D)
  4 adder zombies (D)
  3 adder skeletons (D)
  4 orcs (D)
  5 ball pythons (D)
  2 bat skeletons (D)
  2 bat zombies (D)
  A jackal (D)
  4 ball python skeletons (D)
  7 ball python zombies (D)
  2 bat simulacra (D)
  A giant cockroach simulacrum (D)
  A giant cockroach zombie (D)
  2 jackal skeletons (D)
  A jackal zombie (D)
  A quokka simulacrum (D)
  A quokka skeleton (D)
  A quokka zombie (D)
  A creeping inferno (D)
  8 fire vortices (D)
617 creatures vanquished.

Vanquished Creatures (others)
  A fire giant (D)
1 creature vanquished.

Grand Total: 618 creatures vanquished

Notes
Turn   | Place    | Note
-------+----------+-------------------------------------------
     0 | D        | Groucho the Gargoyle Fighter began the quest for the Orb.
     0 | D        | Reached XP level 1. HP: 14/14 MP: 1/1
    13 | D        | Found a blossoming altar of Fedhas.
    13 | D        | Found the +6 Majin-Bo {spellvamp, MP+6 Int+6}
    13 | D        | Found the +27 heavy crossbow "Sniper" {heavy, Acc+∞ SInv}
    13 | D        | Found the +10 dark maul {heavy}
    13 | D        | Found the +15 Maxwell's patent armour {-Cast -Tele rElec
                  | Will+ rCorr}
    13 | D        | Found the +18 shield of the Gong {Loud rN+ Will+ rCorr
                  | EV-5}
    13 | D        | Found the +16 obsidian axe {drain, demonic, Mesm ^Drain Fly
                  | SInv}
    13 | D        | Found the +7 great mace "Firestarter" {flame, immolate,
                  | rFlCloud rF++}
    13 | D        | Found the +6 shillelagh "Devastator" {shatter}
    13 | D        | Found the +11 plutonium sword {^Contam Stlth-}
    13 | D        | Found the +8 lance "Wyrmbane" {slay drac, rPois rF+ rC+
                  | AC+3}
    13 | D        | Found the +9 sword of Zonguldrok {reap}
    13 | D        | Found the +13 scythe of Curses {drain, curses, ^Drain}
    13 | D        | Found the +9 sword of Power {lifebolt}
    13 | D        | Found the +7 mace of Variability {chaos, chaos arc}
    13 | D        | Found the +11 Singing Sword {sonic wave}
    13 | D        | Found the +8 storm bow {elec, penet}
    14 | D        | Found a transporter.
    14 | D        | Found a viscous altar of Jiyva.
    14 | D        | Found an ancient bone altar of Kikubaaqudgha.
    14 | D        | Found a hazy altar of Hepliaklqana.
    14 | D        | Found a corrupted altar of Lugonu.
    14 | D        | Found an opulent altar of Gozag.
    14 | D        | Found a burning altar of Makhleb.
    21 | D        | Found a sparkling altar of Nemelex Xobeh.
    21 | D        | Found an iron altar of Okawaru.
    21 | D        | Found a stormy altar of Qazlal.
    21 | D        | Found a sacrificial altar of Ru.
    28 | D        | Found a shimmering blue altar of Sif Muna.
    30 | D        | Found a bloodstained altar of Trog.
    82 | D        | Became a worshipper of Qazlal Stormbringer
    95 | D        | Entered arena 2.
    95 | D        | Noticed a water moccasin
    95 | D        | Found a transporter.
    99 | D        | Killed a water moccasin
   100 | D        | Reached skill level 5 in Fighting
   100 | D        | Reached skill level 5 in Armour
   100 | D        | Reached skill level 5 in Shields
   100 | D        | Reached skill level 5 in Invocations
   100 | D        | Reached XP level 2. HP: 21/21 MP: 1/5
   100 | D        | Reached XP level 3. HP: 26/26 MP: 1/7
   100 | D        | Reached XP level 4. HP: 31/31 MP: 1/8
   363 | D        | Entered arena 3.
   363 | D        | Found a transporter.
   366 | D        | Reached * piety under Qazlal
   367 | D        | Reached XP level 5. HP: 35/35 MP: 9/9
   379 | D        | Entered arena 4.
   379 | D        | Noticed a water moccasin
   379 | D        | Found a transporter.
   381 | D        | Reached ** piety under Qazlal
   384 | D        | Killed a water moccasin
   385 | D        | Reached XP level 6. HP: 42/42 MP: 9/11
   397 | D        | Entered arena 5.
   397 | D        | Found the +5 demon whip "Spellbinder" {antimagic, disrupt,
                  | Will+}
   397 | D        | Noticed a tarantella
   397 | D        | Noticed a tarantella
   397 | D        | Found a transporter.
   399 | D        | Reached *** piety under Qazlal
   400 | D        | Reached skill level 5 in Maces & Flails
   405 | D        | Killed a tarantella
   406 | D        | Reached XP level 7. HP: 45/48 MP: 5/14
   406 | D        | Killed a tarantella
   407 | D        | Reached skill level 10 in Invocations
   635 | D        | Entered arena 6.
   635 | D        | Noticed a neqoxec
   635 | D        | Noticed an orange demon
   635 | D        | Found a transporter.
   637 | D        | Killed an orange demon
   638 | D        | Reached XP level 8. HP: 56/56 MP: 8/16
   641 | D        | Reached **** piety under Qazlal
   790 | D        | Entered arena 7.
   790 | D        | Noticed a merfolk
   790 | D        | Noticed a wind drake
   790 | D        | Noticed a wind drake
   790 | D        | Noticed a merfolk
   793 | D        | Killed a wind drake
   793 | D        | Killed a merfolk
   793 | D        | Killed a wind drake
   793 | D        | Reached ***** piety under Qazlal
   794 | D        | Reached XP level 9. HP: 62/62 MP: 7/18
   795 | D        | Found a transporter.
   801 | D        | Killed a merfolk
   802 | D        | Reached skill level 10 in Fighting
   986 | D        | Entered arena 8.
   986 | D        | Noticed a deep elf knight
   986 | D        | Noticed a +2 antimagic glaive
   986 | D        | Noticed a deep elf pyromancer
   986 | D        | Noticed a deep elf zephyrmancer
   986 | D        | Noticed a deep elf pyromancer
   986 | D        | Noticed a deep elf archer
   987 | D        | Killed a deep elf archer
   987 | D        | Killed a deep elf pyromancer
   987 | D        | Killed a deep elf pyromancer
   987 | D        | Killed a deep elf knight
   987 | D        | Killed a deep elf zephyrmancer
   987 | D        | Killed a +2 antimagic glaive
   988 | D        | Reached skill level 10 in Maces & Flails
   988 | D        | Reached skill level 15 in Invocations
   988 | D        | Reached XP level 10. HP: 71/71 MP: 10/21
   988 | D        | Found a transporter.
  1269 | D        | Entered arena 9.
  1269 | D        | Found the +5 scythe "Finisher" {speed, execute}
  1269 | D        | Noticed a spriggan rider
  1270 | D        | Killed a spriggan rider
  1270 | D        | Reached ****** piety under Qazlal
  1271 | D        | Reached XP level 11. HP: 76/76 MP: 13/23
  1437 | D        | Found a transporter.
  1450 | D        | Got the Parchment of Alluring Force
  1458 | D        | Entered arena 10.
  1461 | D        | Found a transporter.
  1494 | D        | Entered arena 11.
  1494 | D        | Noticed Itinerin the pandemonium lord
  1494 | D        | Noticed a soul eater
  1496 | D        | Killed a soul eater
  1497 | D        | Killed Itinerin the pandemonium lord
  1498 | D        | Found a transporter.
  1504 | D        | Got the Grimoire of Impulse
  1514 | D        | Got the ring of Moodiness {rF+ rC+}
  1702 | D        | Entered arena 12.
  1702 | D        | Noticed a deep elf knight
  1702 | D        | Noticed a deep elf knight
  1702 | D        | Noticed a deep elf blademaster
  1702 | D        | Noticed a deep elf sorcerer
  1702 | D        | Noticed a deep elf zephyrmancer
  1702 | D        | Noticed a deep elf knight
  1703 | D        | Noticed a deep elf blademaster
  1703 | D        | Noticed a deep elf blademaster
  1703 | D        | Noticed a deep elf pyromancer
  1703 | D        | Noticed a +3 flail of protection
  1704 | D        | Killed a deep elf zephyrmancer
  1704 | D        | Killed a deep elf knight
  1704 | D        | Killed a +3 flail of protection
  1704 | D        | Killed a deep elf knight
  1704 | D        | Killed a deep elf sorcerer
  1705 | D        | Killed a deep elf pyromancer
  1705 | D        | Killed a deep elf knight
  1705 | D        | Killed a deep elf blademaster
  1705 | D        | Killed a deep elf blademaster
  1706 | D        | Reached XP level 12. HP: 86/86 MP: 7/25
  1707 | D        | Killed a deep elf blademaster
  1708 | D        | Found a transporter.
  1713 | D        | Got the ring "Mowyan" {rPois rN++}
  1899 | D        | Entered arena 13.
  1899 | D        | Found the +3 Elemental Staff {ele, rElec rF+ rC+ AC+3}
  1899 | D        | Noticed a vault guard
  1899 | D        | Noticed a vault guard
  1899 | D        | Noticed a vault guard
  1899 | D        | Noticed a vault guard
  1899 | D        | Noticed a stone giant
  1899 | D        | Noticed a shadow dragon
  1899 | D        | Noticed a vault guard
  1900 | D        | Noticed a vault guard
  1900 | D        | Identified the +2 ring mail of the Stone Wall {^Contam
                  | Rampage MP+9 Stlth+}
  1900 | D        | Noticed a vault guard
  1900 | D        | Identified the ring "Henosuse" {rPois Str+2}
  1901 | D        | Killed a vault guard
  1901 | D        | Killed a vault guard
  1901 | D        | Killed a vault guard
  1901 | D        | Killed a vault guard
  1901 | D        | Killed a vault guard
  1902 | D        | Reached skill level 15 in Fighting
  1902 | D        | Killed a vault guard
  1903 | D        | Killed a stone giant
  1904 | D        | Reached skill level 15 in Armour
  1904 | D        | Reached skill level 15 in Shields
  1904 | D        | Found a transporter.
  1909 | D        | Killed a vault guard
  1912 | D        | Killed a shadow dragon
  1913 | D        | Reached XP level 13. HP: 89/93 MP: 12/27
  2086 | D        | Entered arena 14.
  2086 | D        | Noticed an acid blob
  2086 | D        | Noticed an acid blob
  2086 | D        | Noticed a rockslime
  2087 | D        | Noticed a rockslime
  2087 | D        | Noticed a rockslime
  2087 | D        | Noticed a rockslime
  2089 | D        | Killed a rockslime
  2089 | D        | Killed an acid blob
  2089 | D        | Killed a rockslime
  2089 | D        | Killed an acid blob
  2089 | D        | Killed a rockslime
  2090 | D        | Killed a rockslime
  2232 | D        | Found a transporter.
  2240 | D        | Got the Anthology of Glacial Beguiling
  2275 | D        | Entered arena 15.
  2533 | D        | Found a transporter.
  2590 | D        | Entered arena 16.
  2591 | D        | Identified the +0 robe "Uxobb" {rElec rPois Will+ Regen+}
  2591 | D        | Found the +3 pair of seven-league boots {Rampage+∞}
  2593 | D        | Reached skill level 1 in Ranged Weapons
  2593 | D        | Reached skill level 1 in Dodging
  2995 | D        | Found the ring of the Hare {EV+10}
  2996 | D        | Found a transporter.
  3058 | D        | Entered arena 17.
  3060 | D        | Found a transporter.
  3060 | D        | Noticed a Brimstone Fiend
  3060 | D        | Noticed a fire giant
  3060 | D        | Noticed a balrug
  3060 | D        | Noticed a fire giant
  3060 | D        | Noticed a fire giant
  3060 | D        | Noticed a fire giant
  3060 | D        | Noticed a balrug
  3060 | D        | Noticed a balrug
  3060 | D        | Noticed a balrug
  3060 | D        | Noticed a searing wretch
  3062 | D        | Killed a balrug
  3063 | D        | Killed a fire giant
  3063 | D        | Killed a balrug
  3063 | D        | Killed a fire giant
  3063 | D        | Killed a balrug
  3063 | D        | Killed a Brimstone Fiend
  3064 | D        | Reached skill level 5 in Ranged Weapons
  3064 | D        | Gained mutation: Your large and strong wings let you fly.
                  | [Gargoyle growth]
  3064 | D        | Reached XP level 14. HP: 61/103 MP: 12/29
  3065 | D        | Killed a fire giant
  3070 | D        | Killed a fire giant
  3077 | D        | Killed a searing wretch
  3079 | D        | Killed a balrug
  3080 | D        | Reached skill level 5 in Dodging
  3424 | D        | Acquired the scarf of Hel Tiqy {rC+ rF+, Rampage}
  3443 | D        | Entered arena 18.
  3445 | D        | Noticed a royal mummy
  3446 | D        | Found a transporter.
  3446 | D        | Noticed a royal mummy
  3450 | D        | Killed a royal mummy
  3451 | D        | Noticed an emperor scorpion
  3451 | D        | Noticed an emperor scorpion
  3454 | D        | Killed a royal mummy
  3798 | D        | Entered arena 19.
  3803 | D        | Identified the +3 war axe "Maasat" {flame, rC++}
  3804 | D        | Found a transporter.
  3818 | D        | Got Vehumet's Almanac of Combat Magic
  3834 | D        | Got the Notes on Open Graves and Companions
  3869 | D        | Entered arena 20.
  3876 | D        | Reached XP level 15. HP: 112/112 MP: 22/32
  3877 | D        | Found a transporter.
  3973 | D        | Entered arena 21.
  3976 | D        | Noticed a nargun
  3976 | D        | Noticed an Ice Fiend
  3976 | D        | Noticed a shard shrike
  3977 | D        | Noticed an Ice Fiend
  3977 | D        | Noticed an Ice Fiend
  3977 | D        | Noticed an Ice Fiend
  3977 | D        | Noticed an Ice Fiend
  3977 | D        | Noticed a nargun
  3978 | D        | Killed an Ice Fiend
  3978 | D        | Killed a nargun
  3978 | D        | Killed an Ice Fiend
  3978 | D        | Killed an Ice Fiend
  3978 | D        | Killed a nargun
  3978 | D        | Killed a titan
  3978 | D        | Killed an Ice Fiend
  3978 | D        | Killed an Ice Fiend
  3978 | D        | Killed a shard shrike
  3978 | D        | Noticed a nargun
  3978 | D        | Noticed an Ice Fiend
  3979 | D        | Reached skill level 27 in Invocations
  3979 | D        | Killed an Ice Fiend
  3980 | D        | Reached skill level 5 in Evocations
  3980 | D        | Killed an Ice Fiend
  3981 | D        | Killed a nargun
  3981 | D        | Killed a nargun
  3983 | D        | Noticed an Ice Fiend
  3984 | D        | Found the necklace of Bloodlust {Fury *Rage Will++ Int-3
                  | Slay+6}
  3985 | D        | Found a transporter.
  3988 | D        | Paralysed by a wendigo for 1 turns
  3989 | D        | Killed an Ice Fiend
  3993 | D        | Reached skill level 10 in Dodging
  4245 | D        | Got the ring "Pimehinn" {AC+4 Str+2 Stlth+}
  4262 | D        | Got the Parchment of the Volley
  4279 | D        | Entered arena 22.
  4282 | D        | Found a transporter.
  4282 | D        | Noticed a ghoul
  4282 | D        | Noticed a lich
  4282 | D        | Noticed an ancient lich
  4282 | D        | Identified the ring "Amnifoid" {rPois MP+9}
  4282 | D        | Found the +2 shield of Resistance {rF++ rC++ Will++}
  4282 | D        | Found the amulet of Vitality {RegenMP++ Regen++}
  4283 | D        | Killed a lich
  4283 | D        | Killed an ancient lich
  4283 | D        | Killed a ghoul
  4284 | D        | Reached XP level 16. HP: 122/122 MP: 24/33
  4564 | D        | Acquired a manual of Shields
  4580 | D        | Got the Spellbook of Confrontation
  4614 | D        | Got the amulet of Trepidation {RegenMP +Blink Will++ Int-5
                  | Slay+5}
  4620 | D        | Entered arena 23.
  4626 | D        | Identified the amulet of Sypil {Harm rElec rC++ Regen+
                  | Str-2}
  4626 | D        | Found a transporter.
  4626 | D        | Noticed a green draconian monk
  4626 | D        | Noticed a green draconian monk
  4626 | D        | Identified the +12 trident "Huleh" {venom, rElec}
  4626 | D        | Found the +5 robe of Night {Dark Will+ SInv}
  4627 | D        | Killed a green draconian monk
  4627 | D        | Killed a green draconian monk
  4628 | D        | Reached skill level 15 in Ranged Weapons
  4628 | D        | Reached skill level 10 in Evocations
  4851 | D        | Acquired a manual of Evocations
  4901 | D        | Entered arena 24.
  4906 | D        | Noticed a searing wretch
  4906 | D        | Noticed a hellephant
  4906 | D        | Noticed a hellephant
  4906 | D        | Noticed a hellephant
  4906 | D        | Noticed a searing wretch
  4907 | D        | Found a transporter.
  4907 | D        | Noticed a Brimstone Fiend
  4907 | D        | Noticed a searing wretch
  4907 | D        | Noticed a hellephant
  4907 | D        | Noticed a searing wretch
  4907 | D        | Noticed a Brimstone Fiend
  4907 | D        | Noticed a hellephant
  4907 | D        | Noticed a Brimstone Fiend
  4907 | D        | Noticed a hellephant
  4907 | D        | Noticed a Brimstone Fiend
  4907 | D        | Noticed a searing wretch
  4907 | D        | Noticed a searing wretch
  4907 | D        | Noticed a hellephant
  4907 | D        | Noticed a hellephant
  4907 | D        | Noticed a searing wretch
  4907 | D        | Noticed a hellephant
  4908 | D        | Killed a Brimstone Fiend
  4908 | D        | Killed a searing wretch
  4908 | D        | Killed a Brimstone Fiend
  4908 | D        | Killed a hellephant
  4908 | D        | Killed a Brimstone Fiend
  4908 | D        | Killed a searing wretch
  4908 | D        | Killed a hellephant
  4908 | D        | Killed a hellephant
  4908 | D        | Killed a Brimstone Fiend
  4908 | D        | Killed a hellephant
  4908 | D        | Killed a searing wretch
  4908 | D        | Killed a searing wretch
  4908 | D        | Killed a searing wretch
  4908 | D        | Killed a hellephant
  4908 | D        | Noticed a Brimstone Fiend
  4909 | D        | Reached skill level 15 in Evocations
  4909 | D        | Reached XP level 17. HP: 98/133 MP: 25/34
  4917 | D        | Killed a searing wretch
  4922 | D        | Killed a hellephant
  4922 | D        | Killed a hellephant
  4922 | D        | Killed a Brimstone Fiend
  4931 | D        | Killed a searing wretch
  4936 | D        | Killed a hellephant
  4939 | D        | Killed a hellephant
  4940 | D        | Reached skill level 15 in Dodging
  5204 | D        | Got the ring of Cauxe {rC++ Will+ Str+6 Dex+3}
  5239 | D        | Entered arena 25.
  5244 | D        | Noticed a caustic shrike
  5245 | D        | Found a transporter.
  5245 | D        | Noticed an iron giant
  5245 | D        | Noticed a caustic shrike
  5245 | D        | Noticed an ancient champion
  5245 | D        | Noticed a Hell Sentinel
  5245 | D        | Noticed an iron giant
  5245 | D        | Noticed a caustic shrike
  5245 | D        | Noticed a Hell Sentinel
  5245 | D        | Noticed a Hell Sentinel
  5245 | D        | Noticed an iron giant
  5245 | D        | Noticed a Hell Sentinel
  5245 | D        | Noticed an iron giant
  5245 | D        | Noticed a Hell Sentinel
  5245 | D        | Noticed an iron giant
  5245 | D        | Noticed an ancient champion
  5245 | D        | Noticed a Hell Sentinel
  5245 | D        | Found the +8 trishula "Condemnation" {holy, anguish, *Noise
                  | Fly rN+}
  5246 | D        | Killed an ancient champion
  5247 | D        | Killed a caustic shrike
  5247 | D        | Killed an ancient champion
  5247 | D        | Killed a caustic shrike
  5247 | D        | Killed a Hell Sentinel
  5247 | D        | Killed an iron giant
  5247 | D        | Killed a caustic shrike
  5247 | D        | Killed an iron giant
  5247 | D        | Killed a Hell Sentinel
  5247 | D        | Killed a Hell Sentinel
  5247 | D        | Killed an iron giant
  5247 | D        | Killed a Hell Sentinel
  5247 | D        | Killed a Hell Sentinel
  5248 | D        | Reached skill level 27 in Fighting
  5248 | D        | Reached skill level 27 in Armour
  5248 | D        | Reached skill level 27 in Shields
  5248 | D        | Reached XP level 18. HP: 130/145 MP: 11/35
  5248 | D        | Killed an iron giant
  5248 | D        | Killed an iron giant
  5248 | D        | Killed a Hell Sentinel
  5289 | D        | Got Baul's Atlas of the Flock
  5291 | D        | Got the Catalogue of Battle Magic and Orientation
  5604 | D        | Entered arena 26.
  5607 | D        | Noticed an orb of fire
  5607 | D        | Noticed an orb of fire
  5609 | D        | Noticed an orb of fire
  5610 | D        | Noticed an orb of fire
  5611 | D        | Killed an orb of fire
  5612 | D        | Gained mutation: Potions are less effective at restoring
                  | your health. [an orb of fire]
  5612 | D        | Noticed an orb of fire
  5613 | D        | Noticed an orb of fire
  5613 | D        | Gained mutation: Armour fits poorly on your strangely
                  | shaped body. [an orb of fire]
  5614 | D        | Killed an orb of fire
  5614 | D        | Killed an orb of fire
  5614 | D        | Gained mutation: You sometimes lose your temper in combat.
                  | [an orb of fire]
  5615 | D        | Reached XP level 19. HP: 101/151 MP: 17/36
  5615 | D        | Killed an orb of fire
  5615 | D        | Killed an orb of fire
  5615 | D        | Killed an orb of fire
  5991 | D        | Found the +18 Lear's hauberk
  5992 | D        | Found the amulet of the Air {Inacc Air Fly rElec RMsl}
  5993 | D        | Found a transporter.
  6047 | D        | Got the Folio of Frigid Points
  6120 | D        | Entered arena 27.
  6127 | D        | Noticed a royal mummy
  6128 | D        | Found a transporter.
  6128 | D        | Noticed a royal mummy
  6128 | D        | Noticed a royal mummy
  6128 | D        | Noticed a royal mummy
  6128 | D        | Noticed a royal mummy
  6128 | D        | Noticed a royal mummy
  6128 | D        | Noticed a royal mummy
  6128 | D        | Found the +7 Throatcutter {drain, coup de grace}
  6128 | D        | Found the brooch of Shielding {Spirit SH+8}
  6128 | D        | Found the +7 staff of the Meek {protect, meekguard}
  6128 | D        | Found the +3 Mad Mage's Maulers {Infuse+∞ VampMP -Cast}
  6129 | D        | Killed a royal mummy
  6130 | D        | Killed a royal mummy
  6130 | D        | Killed a royal mummy
  6130 | D        | Killed a royal mummy
  6130 | D        | Killed a royal mummy
  6130 | D        | Killed a royal mummy
  6130 | D        | Killed a royal mummy
  6131 | D        | Reached skill level 27 in Dodging
  6131 | D        | Reached skill level 27 in Evocations
  6131 | D        | Reached skill level 5 in Polearms
  6434 | D        | Acquired a +2 eveningstar of protection
  6545 | D        | Entered arena 28.
  6556 | D        | Reached skill level 15 in Polearms
  6556 | D        | Reached XP level 20. HP: 157/157 MP: 20/37
  6706 | D        | Found a transporter.
  6761 | D        | Got the Lectures on Chilled Conduction
  6770 | D        | Acquired a manual of Alchemy
  6838 | D        | Got the Orb of Zot
  6976 | D        | Noticed Xintoeh the pandemonium lord
  7006 | D        | Killed Xintoeh the pandemonium lord
  7539 | D        | Reached skill level 5 in Long Blades
  7737 | D        | Noticed a hellephant
  7762 | D        | Killed a hellephant
  7782 | D        | Reached skill level 10 in Long Blades
  8669 | D        | Gained mutation: You are vulnerable to cold. (rC-) [a
                  | cacodemon]
  8760 | D        | Noticed Gaodac the pandemonium lord
  8807 | D        | Killed Gaodac the pandemonium lord
  8999 | D        | Noticed a seraph
  9000 | D        | Killed a seraph
 10294 | D        | Reached skill level 15 in Maces & Flails
 10776 | D        | Noticed a Tzitzimitl
 10780 | D        | Killed a Tzitzimitl
 11256 | D        | Noticed a profane servitor
 11279 | D        | Killed a profane servitor
 11280 | D        | Reached skill level 5 in Axes
 11661 | D        | Reached skill level 1 in Throwing
 12369 | D        | Reached skill level 5 in Throwing
 12369 | D        | Reached XP level 21. HP: 163/163 MP: 38/38
 12627 | D        | Noticed Didghaulu the pandemonium lord
 12636 | D        | Reached skill level 10 in Throwing
 12638 | D        | Killed Didghaulu the pandemonium lord
 12751 | D        | Escaped with the Orb!

Illustrated notes

Levels and vault maps discovered:
D:        sprint_v [room_start, room_1, room_2, room_3, room_4, room_5, room_6,
          room_7, room_8, room_9, room_10, room_11, room_12, room_13, room_14,
          room_15, room_16, room_17, room_18, room_19, room_20, room_21,
          room_22, room_23, room_24, room_25, room_26, room_27]

Skill      XL: |  1  2  3  4  5  6  7  8  9 10 11 12 13 14 15 16 17 18 19 20 21 |
---------------+----------------------------------------------------------------+-----
Fighting       | 5 6 7 8 9 11 12 14 15 17 19 21 24 27 | 27.0
Maces & Flails | 3 4 6 7 8 10 12 13 18 | 18.0
Armour         | 5 6 7 8 9 11 12 14 15 17 19 21 25 27 | 27.0
Shields        | 5 6 7 8 9 11 12 14 15 17 19 21 25 27 | 27.0
Invocations    | 5 7 9 11 12 15 16 19 21 23 26 27 | 27.0
Ranged Weapons | 5 9 13 17 18 | 18.0
Dodging        | 4 7 11 14 18 22 27 | 27.0
Evocations     | 8 15 19 24 27 | 27.0
Polearms       | 15 19 | 19.0
Long Blades    | 22 | 22.0
Axes           | 9 |  9.2
Throwing       | 5 12 | 12.1

Action                     |  1- 3 |  4- 6 |  7- 9 | 10-12 | 13-15 | 16-18 | 19-21 || total
---------------------------+-------+-------+-------+-------+-------+-------+-------++-------
  Melee: Shillelagh        |     3 |     8 |    12 |    10 |    33 |    72 |   515 ||   653
 Invoke: Upheaval          |       |     2 |     6 |     5 |     5 |     6 |    26 ||    50
         Disaster Area     |       |       |     1 |     6 |    12 |     8 |     8 ||    35
    Use: Potion            |       |     1 |       |       |     4 |     4 |       ||     9
         Scroll            |       |       |       |       |     8 |     6 |     7 ||    21
 Armour: Plate armour      |     1 |     8 |     1 |     1 |    22 |     9 |       ||    42
         Gold dragon scale |       |       |       |       |       |    36 |    61 ||    97
  Dodge: Dodged            |     1 |       |       |       |     3 |     6 |    22 ||    32
         Repelled          |       |       |       |       |       |     2 |     2 ||     4
  Block: Kite shield       |     5 |    15 |    14 |    20 |    63 |   104 |   435 ||   656
         Reflection        |       |       |       |     1 |     4 |     1 |     2 ||     8
